 Dungeon Crawl Stone Soup version 0.29-a0-1009-g60c99734e7 (webtiles) character file.

Game seed: 5110420398570745488

924 xian the Chiller (level 8, 0/68 HPs)
             Began as a Naga Ice Elementalist on Aug 9, 2022.
             Slain by a centaur
             ... wielding a +0 battleaxe
              (9 damage)
             ... on level 6 of the Dungeon.
             The game lasted 00:25:37 (5647 turns).

xian the Chiller (Naga Ice Elementalist)            Turns: 5647, Time: 00:25:37

Health: 0/68       AC:  7    Str: 15    XL:     8   Next: 10%
Magic:  24/24      EV:  9    Int: 17    God:
Gold:   117        SH:  0    Dex: 13    Spells: 5/16 levels left

rFire   . . .      SeeInvis +   p - +1 dagger (drain)
rCold   . . .      Faith    .   (no shield)
rNeg    . . .      Spirit   .   s - +0 leather armour
rPois   +          Reflect  .   o - +2 helmet
rElec   .          Harm     .   (no cloak)
rCorr   .          Rampage  .   (no gloves)
Will    ++...                   (no barding)
Stlth   ++........              (no amulet)
HPRegen 0.21/turn               c - ring of Rezatet {+Blink Will+ MP+9 Str+5}
MPRegen 0.19/turn               q - ring of wizardry

@: very slow
A: AC +2, large, see invisible, deformed body, poison resistance, slowness 2,
spit poison 1, naga tail 1
a: Spit Poison, Evoke Blink


You were on level 6 of the Dungeon.
You visited 1 branch of the dungeon, and saw 6 of its levels.

You collected 238 gold pieces.
You spent 121 gold pieces at shops.

Inventory:

Hand Weapons
 p - a +1 dagger of draining (weapon)
Missiles
 v - 6 javelins
Armour
 o - a +2 helmet (worn)
 s - a +0 leather armour (worn)
Jewellery
 c - the ring of Rezatet (left hand) {+Blink Will+ MP+9 Str+5}
   (You found it on level 6 of the Dungeon)

   [ring of willpower]

   Str:       It affects your strength (+5).
   MP:        It affects your magic capacity (+9).
   +Blink:    It lets you blink.
   Will:      It increases your willpower.
 l - a +4 ring of evasion
 q - a ring of wizardry (right hand)
Scrolls
 a - 2 scrolls of identify
 i - a scroll of fog
 m - 3 scrolls of teleportation
 r - 3 scrolls of blinking
 t - a scroll of poison
 u - 2 scrolls of amnesia
 w - 2 scrolls of fear
Potions
 b - a potion of magic
 d - 2 potions of lignification {unknown}
 e - 3 potions of curing
 f - a potion of resistance {unknown}
 g - 3 potions of might {unknown}
 h - 2 potions of haste {unknown}
 j - 2 potions of invisibility {unknown}
 k - a potion of cancellation {unknown}
 n - a potion of ambrosia {unknown}
 z - 3 potions of berserk rage


   Skills:
 + Level 2.3 Fighting
 + Level 1.5 Short Blades
 + Level 1.3 Axes
 + Level 1.6 Armour
 + Level 2.1 Dodging
 + Level 4.3 Stealth
 + Level 4.7 Spellcasting
 + Level 6.9 Ice Magic


You had 5 spell levels left.
You knew the following spells:

 Your Spells              Type           Power      Damage    Failure   Level
a - Freeze                Ice            100%       1d11      1%          1
b - Frozen Ramparts       Ice            54%        1d9       1%          3
c - Ozocubu's Armour      Ice            27%        N/A       1%          3
d - Hailstorm             Conj/Ice       15%        3d5       17%         4

Your spell library contained the following spells:

 Spells                   Type           Power      Damage    Failure   Level
 Summon Guardian Golem    Hex/Summ       4%         N/A       21%         3
 Orb of Destruction       Conj           2%         9d5       100%        7
 Spellforged Servitor     Conj/Summ      2%         N/A       100%        7


Dungeon Overview and Level Annotations

Branches:
Dungeon (6/15)             Temple (0/1) D:6

Altars:
Dithmenos
Elyvilon
Nemelex Xobeh

Shops:
D:4 *?[=   D:6 :


Innate Abilities, Weirdness & Mutations

Your serpentine skin is tough. (AC +2)
You have supernaturally acute eyesight. (SInv)
Armour fits poorly on your strangely shaped body.
Your system is resistant to poisons. (rPois)
You cover ground very slowly.
You can spit poison.
You have a snake-like lower body.


Message History

Press: ? - help, Shift-Dir - straight line, f/p - orc priest
Aim: an orc priest, wielding a +0 hand axe and wearing a +0 chain mail (severely wounded)
You freeze the orc priest!
You kill the orc priest!
Unknown command.
The frozen ramparts melt away.
Your icy armour starts to melt.
Your icy armour evaporates.
You see here a +0 flail.
A centaur comes into view. It is wielding a +0 battleaxe.
The centaur shouts!
The centaur unwields a +0 battleaxe.
The centaur wields a +0 shortbow.
The centaur shoots an arrow.
The arrow barely misses you.
The centaur shoots an arrow.
The arrow closely misses you.
The centaur shoots an arrow.
The arrow hits you!
The centaur shoots an arrow.
The arrow hits you!
The centaur shoots an arrow.
The arrow hits you but does no damage.
The centaur shoots an arrow.
The arrow closely misses you.
The centaur unwields a +0 shortbow.
The centaur wields a +0 battleaxe.
The centaur barely misses you.
The centaur kicks you but does no damage.
You hit the centaur.
The centaur is lightly wounded.
The centaur hits you with a +0 battleaxe!
The centaur kicks you but does no damage.
The centaur hits you with a +0 battleaxe!
The centaur barely misses you.
You hit the centaur.
The centaur is lightly wounded.
The centaur closely misses you. The centaur kicks you.
You hit the centaur. You drain the centaur.
The centaur is heavily wounded.
The centaur hits you with a +0 battleaxe!
* * * LOW HITPOINT WARNING * * *
The centaur kicks you.
* * * LOW HITPOINT WARNING * * *
You hit the centaur. You drain the centaur.
The centaur is severely wounded.
The centaur hits you with a +0 battleaxe!
You die...

#)###.#.#..# #.# #. .#...#.#.#.#
#########.#######. .#.>.#.#.#.#
#..............##.
.#...#.#.#.#####.###.###.........
#.###†#.#..##....................
.#...#..#.###.##.#.##.###.####.##
..###..#..# # #.#.##.###.####.##
#...##...# # ##...........[...##
.###....## #.##@#.#.##.###.##.##
#.####...##....c#.............##
#.###.....<..##.#.#.#.##)#)##.##
##.#.##...###.##...#.....)..##.##
....#.........##.#......#.#......
.><......####....#.#......#.##..#
.#.#####.# #.##........#...##..#
...# #.####.##.#.##.#.#.#.## #
.### #..................#...


You could see a centaur (very drained).

Vanquished Creatures
  An ice beast (D:6)
  2 necrophages (D:6)
  2 scorpions (D:5)
  2 hounds
  5 orc priests
  A gnoll bouda (D:6)
  A jelly (D:6)
  An iguana (D:5)
  4 orc wizards
  Robin (D:3)
  3 gnolls (D:6)
  2 adders
  3 shadow imps
  2 white imps (D:6)
  An ufetubus (D:4)
  2 dart slugs
  16 orcs
  3 bats (D:2)
  2 endoplasms
  2 giant cockroaches
  15 goblins
  8 hobgoblins
  6 quokkas
  4 ball pythons
  4 frilled lizards
  6 kobolds
  11 rats
110 creatures vanquished.

Vanquished Creatures (others)
  A plant (D:3)
1 creature vanquished.

Grand Total: 111 creatures vanquished

Notes
Turn   | Place    | Note
-------+----------+-------------------------------------------
     0 | D:1      | xian the Naga Ice Elementalist began the quest for the Orb.
     0 | D:1      | Reached XP level 1. HP: 15/15 MP: 3/3
   377 | D:1      | Reached XP level 2. HP: 20/22 MP: 3/5
  1130 | D:2      | Reached XP level 3. HP: 22/28 MP: 3/6
  1367 | D:2      | Learned a level 3 spell: Frozen Ramparts
  1778 | D:3      | Noticed Robin
  1781 | D:3      | Reached skill level 5 in Ice Magic
  1785 | D:3      | Reached XP level 4. HP: 31/36 MP: 3/7
  1790 | D:3      | Killed Robin
  2015 | D:3      | Learned a level 3 spell: Ozocubu's Armour
  2404 | D:3      | Reached skill level 1 in Axes
  2405 | D:3      | Reached XP level 5. HP: 43/43 MP: 1/8
  2655 | D:3      | Found a faded altar of an unknown god.
  2929 | D:4      | Found a white marble altar of Elyvilon.
  2983 | D:4      | Found Ezxoipulia's Jewellery Shop.
  3093 | D:4      | Found a sparkling altar of Nemelex Xobeh.
  3206 | D:4      | Found a shadowy altar of Dithmenos.
  3225 | D:4      | Found Seikhieh's General Store.
  3233 | D:4      | Bought a scroll of fear for 44 gold pieces
  3233 | D:4      | Bought a scroll of identify for 22 gold pieces
  3233 | D:4      | Bought a potion of berserk rage for 55 gold pieces
  3337 | D:4      | Found Tunoise's Antique Armour Shoppe.
  3525 | D:4      | Found Othrat Bepn's Magic Scroll Emporium.
  3706 | D:5      | Entered Level 5 of the Dungeon
  3753 | D:5      | Reached skill level 1 in Fighting
  3753 | D:5      | Reached XP level 6. HP: 51/51 MP: 2/10
  3999 | D:5      | Reached skill level 6 in Ice Magic
  4042 | D:5      | Reached skill level 1 in Armour
  4182 | D:5      | Reached XP level 7. HP: 35/57 MP: 2/12
  4694 | D:5      | Learned a level 4 spell: Hailstorm
  4724 | D:6      | Reached skill level 1 in Short Blades
  4755 | D:6      | Identified the ring of Rezatet {+Blink Will+ MP+9 Str+5}
  4890 | D:6      | Found Pinleus's Book Emporium.
  5011 | D:6      | Found a staircase to the Ecumenical Temple.
  5410 | D:6      | Reached XP level 8. HP: 67/67 MP: 14/14
  5647 | D:6      | Slain by a centaur

Illustrated notes

Levels and vault maps discovered:
D:1:      minmay_arrival_solitary_statue, layout_loops_ring,
          minmay_parallelograms, minmay_tetromino_t2
D:2:      layout_basic
D:3:      layout_basic, shapermc_ecumenical_altar_acropolis,
          minmay_misc_feat_diagonals, minmay_misc_feat_pillars, uniq_robin
D:4:      layout_loops_ring, nemelex_spade_bored_becter,
          nicolae_dithmenos_shadow_blocks, mainiacjoe_overflow_chevrons,
          serial_shops, shop_scrolls, shop,
          nicolae_shop_temple_entry_statues_fountains, shop
D:5:      layout_loops_ring
D:6:      layout_loops_ring, grunt_ashenzari_visionary
          [grunt_ashenzari_visionary_shoals, grunt_ashenzari_visionary_spider],
          minmay_temple_entry_steel_oval, serial_shops,
          nicolae_shop_temple_entry_statues_fountains, minmay_diced_spiral

Skill      XL: |  1  2  3  4  5  6  7 |
---------------+----------------------+-----
Ice Magic      | 5 6 |  6.9
Axes           | 1 |  1.3
Dodging        | 2 |  2.1
Stealth        | 4 |  4.3
Fighting       | 1 2 |  2.3
Spellcasting   | 3 4 |  4.7
Armour         | 1 |  1.6
Short Blades   | 1 |  1.5

Action                   |  1- 3 |  4- 6 |  7- 9 || total
-------------------------+-------+-------+-------++-------
Melee: Hand axe          |    27 |     1 |       ||    28
       Dagger            |       |    30 |    95 ||   125
       Punch             |       |       |     2 ||     2
 Cast: Freeze            |    10 |    26 |    15 ||    51
       Frozen Ramparts   |     1 |     9 |    10 ||    20
       Ozocubu's Armour  |       |     2 |     4 ||     6
 Abil: Spit Poison       |    37 |    19 |    14 ||    70
  Use: Scroll            |       |     9 |     4 ||    13
 Stab: Sleeping          |     1 |       |       ||     1
Armor: Robe              |     7 |     1 |       ||     8
       Leather armour    |       |    11 |    34 ||    45
Dodge: Dodged            |    26 |    28 |    58 ||   112

Table legend: (Time is in decaauts)
 A = Elapsed time spent in this place.
 B = Non-inter-level travel time spent in this place.
 C = Inter-level travel time spent in this place.
 D = Time resting spent in this place.
 E = Time spent auto-exploring this place.
 F = Levels seen in this place.
 G = Mean time per level.
                   A        B        C        D        E       F      G
               +--------+--------+--------+--------+--------+-----+--------+
         Total |   7068 |   6746 |    322 |      0 |   5394 |   6 | 1178.0 |
       Dungeon |   7068 |   6746 |    322 |      0 |   5394 |   6 | 1178.0 |
               +--------+--------+--------+--------+--------+-----+--------+

Top non-repeatable levels by time:
     D:3: 1470 daAuts
     D:1: 1413 daAuts
     D:5: 1234 daAuts
     D:6: 1073 daAuts
     D:4: 1056 daAuts
     D:2: 820 daAuts
